 Dungeon Crawl Stone Soup version 0.21.1-1-g345015f (webtiles) character file.

464 equalderp2856 the Chopper (level 6, -10/56 HPs)
             Began as a Minotaur Fighter on May 9, 2018.
             Killed by divine providence
             ... invoked by an orc priest
              (12 damage)
             ... on level 4 of the Dungeon.
             The game lasted 00:03:14 (2380 turns).

equalderp2856 the Chopper (Minotaur Fighter)        Turns: 2380, Time: 00:03:16

Health: -10/56     AC:  9    Str: 21    XL:     6   Next: 80%
Magic:  5/5        EV:  8    Int:  5    God:
Gold:   134        SH: 10    Dex: 11    Spells: 5/5 levels left

rFire    . . .     SeeInvis .   a - +0 war axe
rCold    . . .     Gourm    .   c - +0 shield
rNeg     . . .     Faith    .   b - +0 scale mail
rPois    .         Spirit   .   (helmet restricted)
rElec    .         Reflect  .   (no cloak)
rCorr    .         Harm     .   (no gloves)
MR       .....                  p - +1 pair of boots
Stlth    ..........             (no amulet)
HPRegen  0.18/turn              (no ring)
MPRegen  0.09/turn              (no ring)

@: slowed, very slow
A: retaliatory headbutt, horns 2
a: no special abilities


You were on level 4 of the Dungeon.
You were not hungry.

You visited 1 branch of the dungeon, and saw 4 of its levels.

You collected 134 gold pieces.

Inventory:

Hand Weapons
 a - a +0 war axe (weapon)
Armour
 b - a +0 scale mail (worn)
 c - a +0 shield (worn)
 p - a +1 pair of boots (worn)
Jewellery
 g - an uncursed amulet of regeneration {unknown}
Wands
 u - a wand of polymorph (18)
Scrolls
 h - 2 scrolls of teleportation {unknown}
 j - a scroll of random uselessness {unknown}
 k - a scroll of immolation {unknown}
 l - 4 scrolls of remove curse {unknown}
 m - a scroll of fear {unknown}
 q - a scroll of fog {unknown}
 r - a scroll of blinking {unknown}
 s - a scroll of enchant weapon {unknown}
 v - a scroll of magic mapping {unknown}
Potions
 d - 2 potions of might
 e - 3 potions of curing {unknown}
 i - 2 potions of heal wounds {unknown}
 n - a potion of mutation {unknown}
 o - a potion of resistance {unknown}
 w - 2 potions of ambrosia {unknown}
 x - a potion of lignification {unknown}
Books
 t - a book of Cantrips

   Spells                             Type                      Level
   a - Confusing Touch                Hexes                        1
   b - Animate Skeleton               Necromancy                   1
   c - Summon Small Mammal            Summoning                    1
   d - Apportation                    Translocation                1
Comestibles
 f - 4 rations


   Skills:
 + Level 5.2 Fighting
 + Level 5.6 Axes
 + Level 4.8 Armour
 + Level 1.7 Dodging
 + Level 0.1 Stealth
 + Level 5.0 Shields
 + Level 1.4 Unarmed Combat


You had 5 spell levels left.
You didn't know any spells.

Dungeon Overview and Level Annotations

Branches:
Dungeon (4/15)
 Temple: D:4-7

Altars:
Wu Jian


Innate Abilities, Weirdness & Mutations

You reflexively headbutt those who attack you in melee.
You have a pair of horns on your head.


Message History

The orc wizard blinks!
The orc throws a tomahawk.
The tomahawk hits you.
The orc wizard hits you but does no damage.
You are electrocuted!
* * * LOW HITPOINT WARNING * * *
You see here a tomahawk.
The orc throws a tomahawk.
You block the tomahawk.
The orc wizard gestures at you while chanting.
You feel yourself slow down.
You see here a tomahawk.
The orc wizard casts a spell at you. The magic dart hits you!
* * * LOW HITPOINT WARNING * * *
The orc throws a tomahawk.
You block the tomahawk.
The orc wizard points at you and mumbles some strange words.
The magic dart hits you!
* * * LOW HITPOINT WARNING * * *
The orc priest mumbles some strange prayers to Beogh against you.
Beogh smites you!
You die...

#### ..# #o# # #.#
#.#####o#####.
#.....o.......#
..###########.(o.#######
..(....<....@.........
#######.####...#######
#.####...####
#.#.........#
#.†......)...#
#..#.........#
......#....###
##..##.#....#
#..........#


You could see an orc priest, an orc wizard and an orc.

Vanquished Creatures
  A phantom (D:4)
  A hound (D:3)
  2 orc priests (D:3)
  2 orc wizards (D:3)
  Ijyb (D:3)
  Robin (D:3)
  4 gnolls
  4 adders
  An ooze (D:3)
  4 worms
  3 leopard geckos
  13 orcs (D:3)
  6 bats
  2 giant cockroaches (D:3)
  13 goblins
  11 hobgoblins
  6 jackals
  2 quokkas
  A frilled lizard (D:3)
  3 kobolds
  15 rats
96 creatures vanquished.

Notes
Turn   | Place    | Note
-------+----------+-------------------------------------------
     0 | D:1      | equalderp2856 the Minotaur Fighter began the quest for the Orb.
     0 | D:1      | Reached XP level 1. HP: 19/19 MP: 0/0
   270 | D:1      | Reached XP level 2. HP: 27/27 MP: 1/1
   686 | D:2      | Found an ornate altar of the Wu Jian Council.
   692 | D:2      | Reached XP level 3. HP: 31/33 MP: 2/2
  1095 | D:3      | Reached XP level 4. HP: 27/40 MP: 3/3
  1249 | D:3      | Reached skill level 1 in Dodging
  1287 | D:3      | Noticed Ijyb
  1378 | D:3      | Killed Ijyb
  1378 | D:3      | Reached XP level 5. HP: 42/47 MP: 4/4
  1543 | D:3      | Noticed Robin
  1556 | D:3      | Killed Robin
  1693 | D:3      | Reached skill level 1 in Unarmed Combat
  1760 | D:3      | Reached skill level 5 in Fighting
  1762 | D:3      | Reached XP level 6. HP: 53/56 MP: 5/5
  1825 | D:3      | Reached skill level 5 in Axes
  2361 | D:4      | Reached skill level 5 in Shields
  2380 | D:4      | HP: 2/56 [orc wizard/magic dart (6)]
  2380 | D:4      | Killed from afar by an orc priest

Skill      XL: |  1  2  3  4  5  6 |
---------------+-------------------+-----
Armour         | 4 |  4.8
Shields        | 4 5 |  5.0
Fighting       | 4 5 |  5.2
Axes           | 3 4 5 |  5.6
Dodging        | 1 |  1.7
Unarmed Combat | 1 |  1.4
Stealth        | |  0.1

Action                   |  1- 3 |  4- 6 || total
-------------------------+-------+-------++-------
Melee: War axe           |    90 |   112 ||   202
       Headbutt          |    17 |    22 ||    39
       Unarmed           |       |     9 ||     9
  Eat: Chunk             |       |     5 ||     5
Armor: Scale mail        |    37 |    53 ||    90
       Skin              |       |     2 ||     2
Dodge: Dodged            |    39 |    38 ||    77
Block: Shield            |    49 |    66 ||   115
